 Dungeon Crawl Stone Soup version 0.27-a0-1532-gca18f49f40 (webtiles) character file.

Game seed: 1898066492626198068

1577 nyamberluvr69 the Blocker (level 8, -1/52 HPs)
             Began as an Octopode Berserker on July 12, 2021.
             Was a Priest of Trog.
             Killed from afar by a white imp (8 damage)
             ... with a puff of frost
             ... on level 5 of the Dungeon.
             The game lasted 00:08:10 (5764 turns).

nyamberluvr69 the Blocker (Octopode Berserker)      Turns: 5764, Time: 00:08:11

Health: -1/52      AC:  1    Str: 16    XL:     8   Next: 91%
Magic:  8/8        EV: 14    Int: 10    God:    Trog [***...]
Gold:   300        SH: 11    Dex: 13    Spells: 7/7 levels left

rFire    . . .     SeeInvis .   s - +1 falchion (protect)
rCold    . . .     Faith    .   h - +0 kite shield
rNeg     . . .     Spirit   .   (helmet restricted)
rPois    .         Reflect  .   (no amulet)
rElec    .         Harm     .   (no ring)
rCorr    .         Rampage  .   (no ring)
Will     ++...                  (no ring)
Stlth    ++........             (no ring)
HPRegen  1.17/turn              (no ring)
MPRegen  0.11/turn              (no ring)
                                (no ring)
                                (no ring)

@: strong-willed, on berserk cooldown, regenerating, slowed, very slow
A: almost no armour, amphibious, 8 rings, camouflage 1, gelatinous body 1,
(nimble swimmer 1), tentacles
a: Renounce Religion, Berserk, Trog's Hand


You were on level 5 of the Dungeon.
You worshipped Trog.
Trog was most pleased with you.
You visited 1 branch of the dungeon, and saw 6 of its levels.
You also visited: Sewer.

You collected 336 gold pieces.
You spent 36 gold pieces at shops.

Inventory:

Hand Weapons
 a - a +0 falchion
 s - a +1 falchion of protection (weapon)
Missiles
 j - a throwing net (quivered)
Armour
 h - a +0 kite shield (worn)
Jewellery
 n - a +4 ring of protection
Wands
 y - a wand of charming (9)
Scrolls
 c - 2 scrolls of fear {unknown}
 e - 3 scrolls of identify {unknown}
 m - a scroll of teleportation {unknown}
 p - a scroll of vulnerability {unknown}
 q - 2 scrolls of amnesia {unknown}
 r - a scroll of summoning {unknown}
 v - 2 scrolls of noise {unknown}
 w - a scroll of fog {unknown}
 x - a scroll of enchant armour {unknown}
 A - a scroll of enchant weapon {unknown}
 B - a scroll of acquirement {unknown}
Potions
 b - 7 potions of curing
 d - 2 potions of attraction {unknown}
 f - a potion of cancellation {unknown}
 g - a potion of ambrosia {unknown}
 i - a potion of lignification {unknown}
 k - 5 potions of heal wounds {unknown}
 l - 2 potions of magic {unknown}
 o - a potion of berserk rage {unknown}
 t - a potion of brilliance {unknown}
 u - 2 potions of flight {unknown}
 z - a potion of haste {unknown}


   Skills:
 - Level 3.0 Fighting
 - Level 3.0 Long Blades
 - Level 5.1 Dodging
 + Level 10.0 Shields


You had 7 spell levels left.
You didn't know any spells.
Your spell library was empty.

Dungeon Overview and Level Annotations

Branches:
Dungeon (6/15)             Temple (0/1) D:4           Sewer (visited)

Altars:
Nemelex Xobeh
Sif Muna
Uskayaw
Wu Jian
Xom

Shops:
D:1 !


Innate Abilities, Weirdness & Mutations

You cannot wear most types of armour.
You are amphibious.
You can wear up to eight rings at the same time.
Your skin changes colour to match your surroundings (Stealth+).
Your rubbery body absorbs attacks. (AC +1, EV +1)
((You are camouflaged near water. (Stealth+)))
You have tentacles for arms and can constrict up to eight enemies at once.


Message History

The puff of frost hits you.
Your Shields skill increases to level 10!
The white imp gestures at you. The puff of frost hits you.
Items here: $ ))) [[ ††.
You feel the effects of Trog's Hand fading.
The orc warrior hits you from afar with a +0 glaive!
The white imp gestures at you. The puff of frost hits you!
* * * LOW HITPOINT WARNING * * *
An orc priest comes into view. It is wielding a +0 club.
The orc priest shouts!
The white imp shouts, "Scamper home, thou skyhacking nut-hook nothing!"
The white imp gestures at you. The puff of frost hits you.
* * * LOW HITPOINT WARNING * * *
An orc comes into view. It is wielding a +0 short sword.
The orc priest hits you with a +0 club.
* * * LOW HITPOINT WARNING * * *
Unknown command.
The orc priest calls down the wrath of Beogh upon you.
You resist with almost no effort. The orc priest barely misses you.
You riposte.
You barely miss the orc priest.
The orc shouts!
You grab the orc priest.
You release your grip on the orc priest.
Your skin stops crawling.
You feel less strong-willed. You block the white imp's attack.
There is a stone staircase leading up here.
The orc priest hits you with a +0 club.
* * * LOW HITPOINT WARNING * * *
The orc warrior misses you. The white imp closely misses you.
The orc priest misses you. You block the orc warrior's attack.
You climb upwards.
There is a stone staircase leading down here.
Your skin crawls.
You feel strong-willed. The white imp gestures at you.
The puff of frost hits you!
You die...

##################
...............o@######
##......##.#.###.5....#
##......##.#.# #......#
........##...# #......######
#.#########..###...........#
........# #................#
.#.####[####.....###.......#
...#....).##.....# #.......#
...#....#.##..[..# #......)#


You could see an orc priest and a white imp.

Vanquished Creatures
  2 black bears (D:5)
  A necrophage (D:4)
  2 ice beasts
  3 ogres
  A phantom (D:5)
  2 water moccasin zombies (D:5)
  2 water moccasin skeletons
  A hound (D:5)
  A bullfrog skeleton (D:2)
  4 orc priests (D:6)
  An iguana (D:5)
  6 orc wizards
  A hound skeleton (D:4)
  6 gnolls
  6 adders
  4 worms
  3 dart slugs
  13 orcs
  11 ball pythons
  6 bats
  4 endoplasms
  2 giant cockroaches
  2 goblins
  3 hobgoblins
  16 jackals
  7 quokkas
  6 frilled lizards
  9 kobolds
  4 rats
129 creatures vanquished.

Vanquished Creatures (others)
  22 plants (Sewer)
22 creatures vanquished.

Grand Total: 151 creatures vanquished

Notes
Turn   | Place    | Note
-------+----------+-------------------------------------------
     0 | D:1      | nyamberluvr69 the Octopode Berserker began the quest for
                  | the Orb.
     0 | D:1      | Reached XP level 1. HP: 16/16 MP: 1/1
   145 | D:1      | Reached XP level 2. HP: 18/21 MP: 2/2
   553 | D:1      | Found a faded altar of an unknown god.
   967 | D:1      | Found Umpemargh's Distillery.
   974 | D:1      | Bought a potion of curing for 36 gold pieces
  1091 | D:2      | Reached XP level 3. HP: 12/26 MP: 3/3
  1420 | D:2      | Reached XP level 4. HP: 31/31 MP: 4/4
  1567 | D:2      | Reached ** piety under Trog
  1568 | D:2      | Reached skill level 5 in Dodging
  1753 | D:2      | You fall into a shaft and drop 1 floor!
  1963 | D:3      | Noticed an ice beast
  1969 | D:3      | Killed an ice beast
  1970 | D:3      | Reached skill level 3 in Shields
  1970 | D:3      | Reached XP level 5. HP: 36/36 MP: 5/5
  2205 | D:3      | Found a hide-covered altar of Uskayaw.
  2206 | D:3      | Found a shimmering altar of Xom.
  2293 | D:3      | Found a glowing drain.
  2304 | Sewer    | Entered a sewer
  2621 | Sewer    | Reached XP level 6. HP: 41/42 MP: 6/6
  3254 | D:2      | Reached skill level 4 in Shields
  3549 | D:4      | Found a staircase to the Ecumenical Temple.
  3632 | D:4      | Reached skill level 5 in Shields
  3776 | D:4      | Reached *** piety under Trog
  3820 | D:4      | Reached XP level 7. HP: 39/46 MP: 7/7
  3917 | D:4      | Reached skill level 6 in Shields
  4116 | D:4      | Reached skill level 7 in Shields
  4326 | D:4      | Identified the +0 robe "Nizyv" {Dex+4}
  4441 | D:5      | Entered Level 5 of the Dungeon
  4797 | D:5      | Reached XP level 8. HP: 44/52 MP: 8/8
  4924 | D:5      | Reached skill level 8 in Shields
  5006 | D:5      | Found an ornate altar of the Wu Jian Council.
  5018 | D:5      | Found a sparkling altar of Nemelex Xobeh.
  5018 | D:5      | Found a shimmering blue altar of Sif Muna.
  5036 | D:5      | Reached **** piety under Trog
  5198 | D:5      | Reached skill level 9 in Shields
  5243 | D:5      | HP: 1/78 [ogre (8)]
  5756 | D:6      | Reached skill level 10 in Shields
  5764 | D:5      | Killed from afar by a white imp

Illustrated notes

Levels and vault maps discovered:
D:1:      dpeg_arrival_stone_temple_mockup, layout_loops_corners,
          dreamdust_ecumenical_altar_statues, serial_shops, nicolae_shop_crystal
D:2:      layout_basic
D:3:      layout_loops_ring, chequers_temple_overflow_statue_of_worship,
          portal_sewer_entry_d, minmay_fountain_box
D:4:      layout_loops_ring, minmay_temple_entry_glass, minmay_misc_feat_roman
D:5:      layout_basic, grunt_temple_overflow_open
D:6:      layout_loops_ring

Skill      XL: |  1  2  3  4  5  6  7  8 |
---------------+-------------------------+-----
Dodging        | 4 5 |  5.1
Shields        | 3 5 7 10 | 10.0
Fighting       | |  3.0
Long Blades    | |  3.0

Action                   |  1- 3 |  4- 6 |  7- 9 || total
-------------------------+-------+-------+-------++-------
Melee: Falchion          |    39 |   126 |   120 ||   285
       Constrict         |    13 |    39 |    33 ||    85
       Tentacles         |     8 |    29 |    34 ||    71
Invok: Berserk           |     1 |     1 |     6 ||     8
       Trog's Hand       |       |       |     4 ||     4
 Stab: Sleeping          |     4 |     8 |     3 ||    15
       Distracted        |       |     2 |       ||     2
Armor: Skin              |     2 |     5 |    25 ||    32
Dodge: Dodged            |    20 |    55 |    62 ||   137
Block: Kite shield       |       |    33 |    68 ||   101
       Rpst.: Falchion   |     7 |    22 |    18 ||    47

Table legend: (Time is in decaauts)
 A = Elapsed time spent in this place.
 B = Non-inter-level travel time spent in this place.
 C = Inter-level travel time spent in this place.
 D = Time resting spent in this place.
 E = Time spent auto-exploring this place.
 F = Levels seen in this place.
 G = Mean time per level.
                   A        B        C        D        E       F      G
               +--------+--------+--------+--------+--------+-----+--------+
         Total |   5921 |   5802 |    119 |   1157 |   3469 |   7 |  845.9 |
       Dungeon |   5232 |   5113 |    119 |   1086 |   3057 |   6 |  872.0 |
         Sewer |    688 |    688 |      0 |     71 |    412 |   1 |  688.0 |
               +--------+--------+--------+--------+--------+-----+--------+

Top non-repeatable levels by time:
     D:5: 1314 daAuts
     D:2: 1097 daAuts
     D:1: 1079 daAuts
     D:4: 919 daAuts
     D:3: 744 daAuts
   Sewer: 688 daAuts
     D:6: 76 daAuts
